 Dungeon Crawl Stone Soup version 0.17.1-3-g152610e (webtiles) character file.

54126 Romlok the Blocker (level 14, -12/80 HPs)
             Began as a Gargoyle Wizard on Apr 4, 2016.
             Was an Elder of Vehumet.
             Mangled by a white ugly thing (19 damage)
             ... on level 14 of the Dungeon on Apr 12, 2016.
             The game lasted 09:58:42 (28742 turns).

Romlok the Blocker (Gargoyle Wizard)               Turns: 28742, Time: 09:58:43

Health: -12/80     AC: 20    Str: 10    XL:     14   Next: 71%
Magic:  2/28       EV: 14    Int: 27    God:    Vehumet [****..]
Gold:   788        SH:  8    Dex:  9    Spells: 11 memorised, 1 level left

rFire  . . .     SeeInvis +     b - +4 spear (venom)
rCold  . . .     Clarity  .     u - +0 leather armour of Lushran {Regen+ Int+2}
rNeg   + . .     SustAt   .     o - +2 buckler
rPois  ∞         Gourm    +     t - +0 hat
rElec  +         Spirit   .     x - +2 cloak {MR+}
rCorr  .         Warding  .     h - +1 pair of gloves
rMut   .         Stasis   .     (no boots)
MR     +++..                    q - amulet "Fuygumew" {Gourm Dex+3 SInv}
Stlth  +.........               L - ring of protection from magic
                                G - +3 ring of protection

@: flying, studying Shields, repel missiles, extremely resistant to hostile
enchantments, very unstealthy
A: big wings, hooves 1, clumsy 1, negative energy resistance 1, electricity
resistance, unbreathing, petrification resistance, rot immunity, AC +9
a: Stop Flying, Renounce Religion


You were on level 14 of the Dungeon.
You worshipped Vehumet.
Vehumet was greatly pleased with you.
You were completely stuffed.

You visited 4 branches of the dungeon, and saw 22 of its levels.
You also visited: Bailey and Volcano.

You collected 2678 gold pieces.
You spent 1890 gold pieces at shops.

Inventory:

Hand Weapons
 a - the +2 trident of Letan {holy, rPois rC+}
   (You found it on level 4 of the Dungeon)

   It has been blessed by the Shining One to cause great damage to the undead
   and demons.
   It protects you from cold.
   It protects you from poison.
 b - a +4 spear of venom (weapon)
 m - a +2 falchion of holy wrath
 F - a +0 spear of freezing
 S - a +4 scimitar of flaming
Missiles
 c - 36 tomahawks of returning (quivered)
 O - 6 throwing nets
Armour
 h - a +1 pair of gloves (worn)
 o - a +2 buckler (worn)
 t - a +0 hat (worn)
 u - the +0 leather armour of Lushran (worn) {Regen+ Int+2}
   (You found it on level 5 of the Dungeon)

   It affects your intelligence (+2).
   It increases your rate of regeneration.
 x - a +2 cloak of magic resistance (worn)
 y - a +2 robe of positive energy
 J - a +2 leather armour of fire resistance
Jewellery
 d - an uncursed amulet of faith
 q - the amulet "Fuygumew" (around neck) {Gourm Dex+3 SInv}
   (You acquired it on level 6 of the Dungeon)

   [amulet of the gourmand]

   It allows you to eat raw meat even when not hungry.
   It affects your dexterity (+3).
   It lets you see invisible.
 G - a +3 ring of protection (left hand)
 L - a ring of protection from magic (right hand)
 Y - an uncursed amulet of regeneration {unknown}
Wands
 e - a wand of paralysis (1)
 v - a wand of draining (5)
 w - a wand of teleportation (3)
 C - a wand of enslavement (11)
 M - a wand of cold (9)
 N - a wand of fireball (4)
 P - a wand of frost (23)
 T - a wand of lightning (7)
 V - a wand of disintegration (11)
 W - a wand of teleportation (7)
Scrolls
 f - 5 scrolls of remove curse
 k - 11 scrolls of identify
 n - a scroll of enchant armour
 p - 2 scrolls of blinking
 E - 3 scrolls of recharging
 I - 5 scrolls of enchant weapon
 R - a scroll of magic mapping
Potions
 g - a potion of magic
 l - a potion of resistance
 r - 2 potions of cancellation
 s - 2 potions of might
 z - 5 potions of brilliance
 A - a potion of agility
 D - 3 potions of curing
 U - a potion of heal wounds
Books
 j - a manual of Shields
 Q - a Fen Folio

   Spells                             Type                      Level
   a - Corpse Rot                     Necromancy                   2
   b - Stone Arrow                    Conjuration/Earth            3
   c - Leda's Liquefaction            Hexes/Earth                  4
   d - Summon Forest                  Summoning/Translocation      5
   e - Hydra Form                     Transmutation                6
   f - Summon Hydra                   Summoning                    7
Comestibles
 i - 23 fruits
 B - 4 meat rations
 H - 3 bread rations
 K - 6 beef jerkies
 X - 4 chunks of flesh


   Skills:
 - Level 6.0 Fighting
 - Level 0.7 Armour
 + Level 8.8 Dodging
 - Level 2.1 Stealth
 + Level 10.7 Shields
 * Level 10.6 Spellcasting
 - Level 10.2 Conjurations
 - Level 0.8 Summonings
 - Level 5.2 Translocations
 + Level 3.4 Fire Magic
 * Level 7.0 Ice Magic
 - Level 9.7 Air Magic


You had one spell level left.
You knew the following spells:

 Your Spells              Type           Power        Failure   Level  Hunger
a - Magic Dart            Conj           ####         1%          1    None
b - Blink                 Tloc           N/A          1%          2    None
c - Call Imp              Summ           ###.....     8%          2    None
d - Mephitic Cloud        Conj/Pois/Air  ######..     1%          3    None
e - Repel Missiles        Chrm/Air       #####.       1%          2    None
f - Dazzling Spray        Conj/Hex       #####...     1%          3    None
g - Static Discharge      Conj/Air       ######..     1%          3    None
h - Bolt of Cold          Conj/Ice       ######....   8%          6    #####..
i - Delayed Fireball      Conj/Fire      N/A          87%         7    ######.
q - Stone Arrow           Conj/Erth      #####.       1%          3    None
s - Sting                 Conj/Pois      ####         1%          1    None


Dungeon Overview and Level Annotations

Branches:
Dungeon (14/15)            Temple (1/1) D:5            Lair (3/8) D:8
    Orc (4/4) D:9             Elf (0/3) Orc:3        Vaults (0/5) D:13
  Swamp: Lair:3-6    Shoals: Lair:3-6     Snake: Lair:3-6    Spider: Lair:3-6

Altars:
Ashenzari
Cheibriados
Dithmenos
Elyvilon
Fedhas
Gozag
Kikubaaqudgha
Makhleb
Nemelex Xobeh
Okawaru
Qazlal
Ru
Sif Muna
Trog
Vehumet
Xom
Yredelemnul
Zin
The Shining One
Beogh

Shops:
D:12 %   Orc:2 :   Orc:3 [   Orc:4 [*(=

Annotations:
D:6 cada's ghost, novice NaTm
D:7 Dowan; Duvessa
D:10 kirsanium's ghost, novice DrMo
Lair:2 8hydra!
Lair:3 4hydra!
Orc:3 rupert!, Rupert


Innate Abilities, Weirdness & Mutations

You are resistant to torment.
Your stone body is resilient (AC +9).
You are immune to poison.
Your large and strong wings let you fly indefinitely.
You resist negative energy.
You are resistant to electric shocks.
You can survive without breathing.
You are immune to petrification.
You are immune to rotting.
You have large cloven feet.
You are clumsy. (Dex -2)


Message History

You hit the white ugly thing.
The white ugly thing looks even sicker.
Your kick misses the white ugly thing.
The white ugly thing is moderately wounded.
The white ugly thing barely misses you.
You hit the white ugly thing.
The white ugly thing is moderately wounded.
The white ugly thing kicks you. The white ugly thing freezes you!!
* * * LOW HITPOINT WARNING * * *
You hit the white ugly thing.
The white ugly thing is heavily wounded.
The white ugly thing kicks you but does no damage.
You hit the white ugly thing. Your kick misses the white ugly thing.
The white ugly thing is heavily wounded.
The white ugly thing kicks you but does no damage.
You hit the white ugly thing.
The white ugly thing is severely wounded.
The white ugly thing kicks you.
* * * LOW HITPOINT WARNING * * *
The white ugly thing freezes you!!
You die...

#...#####).).......(..... #.###
#<)...†.......##.
..#######.......(......#
...#.....)..######..(#... #.
##........##### #....# ## ....
##..###......###.###### ....
###(#####.###..........# #....
.....(# #.# ####..####.######....
..(...# #.# #@## #..)÷##.....
......# #.# #u# ####.#......
.).))(###.######.# #........
.<..()#.......##.# ####.......
....)(#.......##.# ##..........
......).......##.####...##.......
......#............u.............
......#.....[.##.###.#######.....
#######.......##.###.# ##....


You could see a white ugly thing.

Vanquished Creatures
  An orc warlord (Orc:4)
  Snorg (Orc:4)
  Erica (Lair:2)
  2 dancing weapons (D:13)
  A centaur warrior (D:12)
  4 orc high priests
  A tengu warrior (D:12)
  Urug (Orc:1)
  Sonja (Lair:1)
  A deep elf knight (Volcano)
  3 unseen horrors
  A fire crab (shapeshifter) (D:13)
  3 orc knights (Orc:4)
  A statue (Volcano)
  6 orc sorcerers
  7 hill giants
  A griffon (Lair:3)
  4 ugly things (D:14)
  5 cyclopes
  2 manticores
  An elephant (Lair:2)
  Maurice (Orc:4)
  Joseph (D:8)
  An efreet (D:11)
  5 spiny frogs
  5 komodo dragons
  2 deep elf priests (Volcano)
  4 trolls
  A tengu conjurer (D:12)
  Grinder (D:4)
  11 blink frogs
  A two-headed ogre (D:12)
  3 slime creatures (D:14)
  A trapdoor spider (D:14)
  Sigmund (D:2)
  A deep elf mage (D:12)
  17 yaks
  3 wyverns
  2 vampire mosquitoes
  4 fire bats (Volcano)
  5 wraiths
  2 hungry ghosts
  5 hippogriffs
  A mottled dragon (D:13)
  3 wargs
  2 deep elf fighters (Volcano)
  A wolf (Lair:2)
  5 water moccasins
  3 sky beasts
  3 black bears
  2 ice beasts
  2 phantoms
  5 porcupines
  43 orc warriors
  13 centaurs
  14 ogres
  An eye of draining (D:14)
  A necrophage (D:12)
  2 crocodiles
  4 boggarts (D:14)
  4 big kobolds
  15 giant frogs
  2 gnoll sergeants (D:10)
  A wyvern skeleton (D:12)
  6 killer bees
  3 scorpions
  19 wights
  A giant frog zombie (D:4)
  3 lava snakes (Volcano)
  3 crimson imps
  2 jellies
  4 hounds
  5 centaur skeletons
  3 giant frog skeletons
  A gnoll shaman (D:6)
  42 orc priests
  41 orc wizards
  Natasha (thrice) (D:4)
  10 iguanas
  10 sheep
  6 worker ants
  A hound zombie (D:6)
  A worker ant zombie (D:9)
  17 gnolls
  11 adders
  5 shadow imps
  An ooze (D:1)
  2 adder skeletons
  2 adder zombies
  3 worms
  4 giant geckos
  214 orcs
  7 bats
  4 giant cockroaches
  8 goblins
  9 hobgoblins
  17 jackals
  A giant gecko skeleton (D:7)
  6 giant newts
  30 kobolds
  8 rats
765 creatures vanquished.

Vanquished Creatures (collateral kills)
  2 black mambas (Lair:1)
  A giant frog (Lair:1)
3 creatures vanquished.

Vanquished Creatures (others)
  Josephine (Orc:2)
  A human (D:2)
  An orc (D:9)
  A quokka (D:9)
  7 fungi (Lair:2)
  2 plants (Lair:2)
13 creatures vanquished.

Grand Total: 781 creatures vanquished

Notes
Turn   | Place    | Note
--------------------------------------------------------------
     0 | D:1      | Romlok the Gargoyle Wizard began the quest for the Orb.
     0 | D:1      | Reached XP level 1. HP: 10/10 MP: 4/4
   317 | D:1      | Reached XP level 2. HP: 15/15 MP: 3/6
   321 | D:1      | Learned a level 2 spell: Blink
   324 | D:1      | Learned a level 2 spell: Call Imp
  1108 | D:2      | Reached XP level 3. HP: 19/19 MP: 0/7
  1471 | D:2      | Noticed Sigmund
  1529 | D:2      | Gained mutation: You are clumsy. (Dex -2) [potion of mutation]
  1529 | D:2      | Gained mutation: You have large cloven feet. [potion of mutation]
  1743 | D:2      | Found an ancient bone altar of Kikubaaqudgha.
  1743 | D:2      | Noticed a human
  1746 | D:2      | Killed a human
  1804 | D:3      | Found a deep blue altar of Sif Muna.
  1826 | D:3      | Found a sacrificial altar of Ru.
  1886 | D:3      | Reached XP level 4. HP: 24/24 MP: 4/8
  2510 | D:3      | Found a blossoming altar of Fedhas.
  2748 | D:4      | Reached XP level 5. HP: 28/28 MP: 6/10
  2769 | D:4      | Noticed an ogre
  2894 | D:4      | Got a brightly glowing trident
  2895 | D:4      | Identified the +2 trident of Letan {holy, rPois rC+} (You found it on level 4 of the Dungeon)
  2903 | D:4      | Noticed Grinder
  2912 | D:4      | Reached skill level 4 in Conjurations
  3121 | D:4      | Noticed Natasha
  3137 | D:4      | Killed Natasha
  3137 | D:4      | Reached XP level 6. HP: 30/32 MP: 5/11
  3508 | D:5      | Entered Level 5 of the Dungeon
  3625 | D:5      | Got a brightly glowing leather armour
  3636 | D:5      | Identified the cursed +0 leather armour of Lushran {Regen+ Int+2} (You found it on level 5 of the Dungeon)
  3793 | D:4      | Reached skill level 5 in Conjurations
  3801 | D:4      | Learned a level 3 spell: Mephitic Cloud
  3804 | D:4      | Learned a level 2 spell: Repel Missiles
  4026 | D:5      | Reached skill level 1 in Shields
  4054 | D:5      | Reached XP level 7. HP: 36/36 MP: 4/13
  4224 | D:5      | Reached skill level 1 in Air Magic
  4399 | D:5      | Found a staircase to the Ecumenical Temple.
  4408 | Temple   | Entered the Ecumenical Temple
  5335 | D:6      | Reached skill level 1 in Fighting
  5341 | D:6      | Reached XP level 8. HP: 31/43 MP: 1/15
  5614 | D:6      | Noticed cada's ghost (novice NaTm)
  5810 | D:6      | Reached skill level 5 in Spellcasting
  6516 | D:6      | Identified a scroll of acquirement
  6517 | D:6      | Got a fine platinum amulet
  6518 | D:6      | Identified the amulet "Fuygumew" {Gourm Dex+3 SInv} (You acquired it on level 6 of the Dungeon)
  6604 | D:7      | Noticed Duvessa
  6716 | D:7      | Reached XP level 9. HP: 48/50 MP: 11/17
  6748 | D:7      | Reached skill level 6 in Conjurations
  6901 | D:7      | Found a flagged portal.
  6987 | Bailey   | Entered a bailey
  7521 | Bailey   | Got a warped robe
  8029 | D:7      | Identified the +1 robe of Honesty {rElec rF- Str+4 Dex-2} (You took it off a kobold in a bailey)
  8693 | D:7      | Reached skill level 5 in Air Magic
  8822 | D:7      | Noticed Dowan
  9029 | D:4      | Noticed Natasha
  9031 | D:4      | Killed Natasha
  9077 | D:4      | Noticed Natasha
  9080 | D:4      | Killed Natasha
  9189 | D:4      | Killed an ogre
  9189 | D:4      | Reached skill level 1 in Translocations
  9469 | D:4      | Killed Grinder
  9469 | D:4      | Reached XP level 10. HP: 52/57 MP: 9/19
  9805 | D:2      | Killed Sigmund
  9805 | D:2      | Reached skill level 5 in Dodging
  9805 | D:2      | Reached skill level 5 in Shields
 10741 | D:8      | Found a staircase to the Lair.
 10745 | D:8      | Noticed Joseph
 11065 | D:8      | Reached skill level 7 in Conjurations
 11189 | D:8      | Killed Joseph
 11628 | D:9      | Reached skill level 5 in Fighting
 11716 | D:9      | Found a stormy altar of Qazlal.
 11717 | D:9      | Found a burning altar of Makhleb.
 11718 | D:9      | Found a shimmering altar of Xom.
 11757 | D:9      | Found a snail-covered altar of Cheibriados.
 11757 | D:9      | Found a radiant altar of Vehumet.
 11761 | D:9      | Became a worshipper of Vehumet
 12045 | D:9      | Found a staircase to the Orcish Mines.
 12321 | D:9      | Reached * piety under Vehumet
 12321 | D:9      | Offered knowledge of Sandblast by Vehumet.
 12448 | D:9      | Found a white marble altar of Elyvilon.
 12755 | D:9      | Reached XP level 11. HP: 58/64 MP: 12/21
 12778 | D:10     | Entered Level 10 of the Dungeon
 12835 | D:10     | Got a tattered robe
 12881 | D:10     | Identified the cursed +1 robe of the Bulwark {rN+} (You found it on level 10 of the Dungeon)
 13012 | D:10     | Noticed a hill giant
 13083 | D:10     | Killed a hill giant
 13183 | D:10     | Noticed kirsanium's ghost (novice DrMo)
 13308 | D:10     | Noticed a hill giant
 13434 | D:9      | Killed a hill giant
 13578 | D:9      | Offered knowledge of Sting by Vehumet.
 13591 | D:9      | Learned a level 1 spell: Sting
 13882 | D:9      | Reached ** piety under Vehumet
 14346 | D:10     | Noticed a hill giant
 14374 | D:10     | Killed a hill giant
 14374 | D:10     | Reached skill level 8 in Conjurations
 14541 | Lair:1   | Entered Level 1 of the Lair of Beasts
 14928 | Lair:1   | Offered knowledge of Ignite Poison by Vehumet.
 15205 | Lair:1   | Reached *** piety under Vehumet
 15311 | Lair:1   | Noticed Sonja
 15353 | Lair:1   | Killed Sonja
 15480 | Lair:1   | Reached XP level 12. HP: 25/70 MP: 4/23
 16034 | Lair:2   | Offered knowledge of Dazzling Spray by Vehumet.
 16039 | Lair:2   | Learned a level 3 spell: Dazzling Spray
 16112 | Lair:2   | Noticed Erica
 16238 | Lair:1   | HP: 1/70 [black mamba (4)]
 16648 | Lair:2   | Noticed an eight-headed hydra
 16731 | Lair:2   | Reached skill level 5 in Translocations
 16800 | Lair:2   | HP: 3/70 [hippogriff (5)]
 16829 | Lair:2   | Reached skill level 9 in Conjurations
 17478 | Lair:2   | Killed Erica
 17609 | Lair:2   | Reached **** piety under Vehumet
 18039 | Lair:3   | Noticed a four-headed hydra
 18727 | Orc:1    | Entered Level 1 of the Orcish Mines
 18766 | D:9      | Offered knowledge of Static Discharge by Vehumet.
 18771 | D:9      | Learned a level 3 spell: Static Discharge
 19016 | Orc:1    | Found a dark tunnel.
 19032 | Orc:1    | Paralysed by an orc sorcerer for 4 turns
 19111 | Orc:1    | Noticed Urug
 19135 | Orc:1    | Killed Urug
 19170 | Orc:1    | Reached ***** piety under Vehumet
 19174 | Orc:1    | Offered knowledge of Bolt of Cold by Vehumet.
 19219 | Orc:1    | Learned a level 6 spell: Bolt of Cold
 19285 | Volcano  | Entered a volcano
 19340 | Volcano  | Reached skill level 1 in Ice Magic
 19475 | Volcano  | Reached XP level 13. HP: 53/74 MP: 19/25
 19511 | Volcano  | Found a bloodstained altar of Trog.
 20500 | Orc:2    | Found a roughly hewn altar of Beogh.
 21271 | Orc:3    | Noticed Josephine
 21351 | Orc:2    | Killed Josephine
 21415 | Orc:2    | Paralysed by an orc sorcerer for 7 turns
 21418 | Orc:2    | Reached skill level 10 in Conjurations
 21691 | Orc:3    | Found a staircase to the Elven Halls.
 21738 | Orc:3    | Found Qufrergh's Antique Armour Boutique.
 21756 | Orc:3    | Noticed Rupert
 21803 | Orc:3    | Offered knowledge of Orb of Destruction by Vehumet.
 21944 | Orc:3    | Paralysed by Rupert for 4 turns
 22057 | Orc:4    | Entered Level 4 of the Orcish Mines
 22164 | Orc:4    | Noticed Maurice
 22179 | Orc:4    | Killed Maurice
 23109 | Orc:3    | Found a roughly hewn altar of Beogh.
 23120 | Orc:3    | Offered knowledge of Delayed Fireball by Vehumet.
 23146 | Orc:2    | Found Sunischo's Book Shop.
 23928 | Orc:4    | Noticed an orc warlord
 23954 | Orc:4    | Killed an orc warlord
 23984 | Orc:4    | Noticed Snorg
 24004 | Orc:4    | Killed Snorg
 24252 | Orc:4    | Found Luziany's General Store.
 24285 | Orc:4    | Found Yhu Lea's Antique Armour Shop.
 24286 | Orc:4    | Found Rerphizosh's Antique Weapon Shop.
 24287 | Orc:4    | Found Gemiysha's Jewellery Boutique.
 24302 | Orc:4    | Bought a translucent dagger for 273 gold pieces
 24303 | Orc:4    | Bought a jewelled hat for 342 gold pieces
 24312 | Orc:4    | Bought an uncursed ring of protection from magic for 375 gold pieces
 24324 | Orc:4    | Identified the +1 hat "Sukear" {+Fly MR- Dex+6} (You bought it in a shop on level 4 of the Orcish Mines)
 24334 | Orc:4    | Identified the +5 dagger of Gluttony {holy, rF- Dex+6} (You bought it in a shop on level 4 of the Orcish Mines)
 24374 | Orc:4    | Gained mutation: Your large and strong wings let you fly indefinitely. [Gargoyle growth]
 24374 | Orc:4    | Reached XP level 14. HP: 80/80 MP: 22/27
 24499 | Orc:4    | Learned a level 7 spell: Delayed Fireball
 24824 | D:11     | Noticed a hill giant
 24854 | D:11     | Killed a hill giant
 24854 | D:11     | Reached skill level 5 in Ice Magic
 25117 | D:11     | Reached skill level 1 in Fire Magic
 25186 | D:11     | Reached skill level 10 in Shields
 25534 | D:12     | Found Bomn's Food Shoppe.
 26162 | D:12     | Reached skill level 10 in Spellcasting
 26354 | D:13     | Found a gate to the Vaults.
 26846 | D:13     | Found a stormy altar of Qazlal.
 27047 | D:13     | Got a polished ring mail
 27101 | D:13     | Identified the +4 ring mail "Judadiud" {SInv} (You found it on level 13 of the Dungeon)
 27466 | Orc:2    | Bought a Fen Folio for 900 gold pieces
 27470 | Orc:2    | Learned a level 3 spell: Stone Arrow
 28742 | D:14     | Mangled by a white ugly thing

Action                   |  1- 3 |  4- 6 |  7- 9 | 10-12 | 13-15 || total
-------------------------+-------+-------+-------+-------+-------++-------
Melee: Unarmed           |     3 |       |       |       |       ||     3
       Dagger            |    36 |    45 |       |       |    18 ||    99
       Trident           |       |    28 |   139 |   245 |    44 ||   456
       Short sword       |       |       |    18 |   133 |       ||   151
       Spear             |       |       |       |   324 |   995 ||  1319
       War axe           |       |       |       |       |     2 ||     2
Throw: Stone             |     5 |       |       |       |       ||     5
       Javelin           |       |     8 |       |       |       ||     8
       Tomahawk          |       |       |     1 |    21 |    19 ||    41
 Cast: Magic Dart        |    80 |   133 |   354 |   369 |   106 ||  1042
       Blink             |       |     2 |     5 |     4 |    19 ||    30
       Mephitic Cloud    |       |       |    13 |    46 |    46 ||   105
       Repel Missiles    |       |       |     1 |     1 |     2 ||     4
       Call Imp          |       |       |     8 |    14 |     2 ||    24
       Sting             |       |       |       |   386 |   484 ||   870
       Dazzling Spray    |       |       |       |     6 |     1 ||     7
       Static Discharge  |       |       |       |     3 |    50 ||    53
       Stone Arrow       |       |       |       |       |    36 ||    36
 Abil: Fly               |       |       |       |       |     1 ||     1
Evoke: Wand              |       |       |       |     6 |     1 ||     7
  Use: Potion            |    10 |     2 |     3 |     6 |     4 ||    25
       Scroll            |     5 |     3 |     7 |     6 |     5 ||    26
 Stab: Sleeping          |     1 |     1 |       |     1 |       ||     3
       Confused          |       |       |     1 |    15 |    10 ||    26
       Paralysed         |       |       |       |     5 |       ||     5
  Eat: Chunk             |     3 |     7 |    24 |    38 |    41 ||   113
       Fruit             |       |       |     3 |       |       ||     3
